 Dungeon Crawl Stone Soup version 0.29-a0-333-gb4c28e87c6 (webtiles) character file.

Game seed: 2622767888478765814

48 Jortsu the Skirmisher (level 3, -1/43 HPs)
             Began as a Demonspawn Fighter on Apr 13, 2022.
             Was a Follower of Nemelex Xobeh.
             Succumbed to a gnoll's poison
             ... on level 1 of the Dungeon.
             The game lasted 00:01:15 (864 turns).

Jortsu the Skirmisher (Demonspawn Fighter)           Turns: 864, Time: 00:01:15

Health: -1/43      AC: 21    Str: 18    XL:     3   Next: 50%
Magic:  3/3        EV:  2    Int:  9    God:    Nemelex Xobeh [*.....]
Gold:   25         SH:  4    Dex: 12    Spells: 2/2 levels left

rFire   . . .      SeeInvis .   a - +0 war axe
rCold   . . .      Faith    .   c - +0 buckler
rNeg    . . .      Spirit   .   (body armour currently unavailable)
rPois   +          Reflect  .   (helmet currently unavailable)
rElec   .          Harm     .   (cloak currently unavailable)
rCorr   .          Rampage  .   (gloves currently unavailable)
Will    .....      NoTele   +   (boots currently unavailable)
Stlth   +.........              (no amulet)
HPRegen 0.14/turn               (no ring)
MPRegen 0.08/turn               (no ring)

@: lethally poisoned (-1 -> -15), tree-form
A: stationary, stasis, torment immunity, boosted hp, powered by death 1,
(weakness stinger 1)
a: Renounce Religion, Draw Escape, Draw Destruction, Draw Summoning


You were on level 1 of the Dungeon.
You worshipped Nemelex Xobeh.
Nemelex Xobeh was aware of your devotion.
You were a tree.
You visited 1 branch of the dungeon, and saw 2 of its levels.

You collected 25 gold pieces.

Inventory:

Hand Weapons
 a - a +0 war axe (weapon)
Armour
 b - a +0 scale mail (melded)
 c - a +0 buckler (worn)
Jewellery
 e - a +6 ring of intelligence
Potions
 d - a potion of might
 g - a potion of attraction


   Skills:
 + Level 3.3 Fighting
 + Level 2.3 Axes
 + Level 3.0 Armour
 + Level 3.3 Shields


You had 2 spell levels left.
You didn't know any spells.
Your spell library contained the following spells:

 Spells                   Type           Power      Damage    Failure   Level
 Animate Skeleton         Necr           0%         N/A       47%         1
 Pain                     Necr           0%         1d4       47%         1
 Sublimation of Blood     Necr           0%         N/A       63%         2
 Wereblood                Tmut           0%         N/A       63%         2
 Vampiric Draining        Necr           0%         2d6       85%         3
 Summon Hydra             Summ           0%         N/A       100%        7


Dungeon Overview and Level Annotations

Branches:
Dungeon (2/15)

Altars:
Nemelex Xobeh


Innate Abilities, Weirdness & Mutations

You are a tree.
Your roots penetrate the ground, keeping you stationary.
You cannot be teleported.
You are immune to unholy pain and torment.
Your maximum health is greatly increased.
Your equipment is partially melded.
You regenerate a little health from kills.
((You have a small tail.))


Message History

A gnoll comes into view. It is wielding a +0 club.
The gnoll shouts!
You hear a shout! x2
A gnoll comes into view. It is wielding a +1 spear of venom.
You hear a shout! x2
You hit the gnoll.
The gnoll is moderately wounded.
You block the gnoll's attack. The gnoll barely misses you.
You barely miss the gnoll.
The gnoll is moderately wounded.
The gnoll hits you with a +0 club. The gnoll barely misses you.
A gnoll comes into view. It is wielding a +1 whip of holy wrath.
You hit the gnoll.
The gnoll is heavily wounded.
The gnoll hits you from afar with a +1 spear of venom.
You are poisoned.
You block the gnoll's attack. The gnoll barely misses you.
The gnoll hits you but does no damage.
You slash the gnoll!
You kill the gnoll!
You feel very sick. The gnoll completely misses you.
You feel sick.
You feel sick.
Things that are here:
a +0 club; a goblin corpse You feel sick.
There is a stone staircase leading up here.
You feel sick.
The gnoll hits you from afar with a +1 spear of venom.
* * * LOW HITPOINT WARNING * * *
You are lethally poisoned!
You climb upwards.
* * * LOW HITPOINT WARNING * * *
You feel very sick.
There is a stone staircase leading down here.
It was a potion of lignification.
You turn into a tree.
Your +0 scale mail melds into your body.
Your roots penetrate the ground.
You die...
Your body disappears without a glow.

##.....##########....# #........
##.#.......##........####........
##.#.#####.##...................#
##.#'#####.##....##(.............
##......##.##....##......#####...
........##'##....##..............
###.....#........................
..'.....#.....##......###........
###.....#.....##♣................
#.............##.........########
#.............##.................
########....).##.................
# ####.##......#######.........
#####............+.....'......###
..........#......#.#####....#####
###......#####.....#####.......##
#......#...#.....#...###.....##


There were no monsters in sight!

Vanquished Creatures
  A gnoll (D:2)
  An adder (D:2)
  A dart slug (D:1)
  3 ball pythons (D:1)
  3 bats (D:1)
  2 endoplasms (D:1)
  2 goblins
  5 hobgoblins (D:1)
  2 frilled lizards (D:1)
  2 kobolds (D:1)
  4 rats (D:1)
26 creatures vanquished.

Notes
Turn   | Place    | Note
-------+----------+-------------------------------------------
     0 | D:1      | Jortsu the Demonspawn Fighter began the quest for the Orb.
     0 | D:1      | Reached XP level 1. HP: 18/18 MP: 1/1
   141 | D:1      | Gained mutation: You have a small tail. [demonic ancestry]
   141 | D:1      | Reached XP level 2. HP: 23/24 MP: 2/2
   426 | D:1      | Found a faded altar of an unknown god.
   443 | D:1      | Prayed at the altar of an unknown god.
   443 | D:1      | Became a worshipper of Nemelex Xobeh the Trickster
   443 | D:1      | Reached * piety under Nemelex Xobeh
   823 | D:2      | Gained mutation: You regenerate a little health from kills.
                  | [demonic ancestry]
   823 | D:2      | Reached XP level 3. HP: 29/29 MP: 3/3
   863 | D:1      | HP: 1/29 [poisoned by a gnoll]
   864 | D:1      | Succumbed to a gnoll's poison

Illustrated notes

Levels and vault maps discovered:
D:1:      minmay_arrival_glassed_features, layout_basic,
          ebering_ecumenical_altar_petrified
D:2:      layout_loops_ring, chequers_decorated_corner,
          kennysheep_generic_room_6, uniq_robin

Skill      XL: |  1  2 |
---------------+-------+-----
Axes           | 2 |  2.3
Shields        | 3 |  3.3
Armour         | 3 |  3.0
Fighting       | |  3.3

Action                   || total
-------------------------++-------
Melee: War axe           ||    76
       Tailslap          ||     4
  Use: Scroll            ||     2
       Potion            ||     1
Armor: Scale mail        ||    57
Dodge: Dodged            ||    41
Block: Buckler           ||    22

Table legend: (Time is in decaauts)
 A = Elapsed time spent in this place.
 B = Non-inter-level travel time spent in this place.
 C = Inter-level travel time spent in this place.
 D = Time resting spent in this place.
 E = Time spent auto-exploring this place.
 F = Levels seen in this place.
 G = Mean time per level.
                   A        B        C        D        E       F      G
               +--------+--------+--------+--------+--------+-----+--------+
         Total |    897 |    869 |     28 |      0 |    662 |   2 |  448.5 |
       Dungeon |    897 |    869 |     28 |      0 |    662 |   2 |  448.5 |
               +--------+--------+--------+--------+--------+-----+--------+

Top non-repeatable levels by time:
     D:1: 843 daAuts
     D:2: 54 daAuts
